 Dungeon Crawl Stone Soup version 0.30.0-29-ga12c61a403 (webtiles) character file.

Game seed: 2097337435575404623

2525 Sabo the Cudgeller (level 9, -6/60 (70) HPs)
             Began as a Red Draconian Air Elementalist on June 11, 2023.
             Was an Initiate of Sif Muna.
             Mangled by a wight
             ... wielding a +4 war axe of freezing
              (8 damage)
             ... on level 8 of the Dungeon.
             The game lasted 00:58:46 (9801 turns).

Sabo the Cudgeller (Red Draconian Air Elementalist) Turns: 9801, Time: 00:58:48

HP:   -6/60 (70)    AC:  8    Str: 10    XL:     9   Next: 29%
MP:   12/15         EV: 14    Int: 19    God:    Sif Muna [......]
Gold: 367           SH:  0    Dex: 17    Spells: 14/17 levels left

rFire   + + .        t - +4 morningstar
rCold   + . .        (no shield)
rNeg    . . .        (body armour unavailable)
rPois   .            (helmet restricted)
rElec   .            m - scarf {rC+ rF+}
rCorr   .            N - +0 pair of gloves
SInv    +            (no boots)
Will    +....        (no amulet)
Stlth   +++          k - +6 ring of dexterity
HPRegen 0.30/turn    f - ring of willpower
MPRegen 0.14/turn

%: no passive effects
@: heavily drained
A: breathe fire, AC +7, unfitting armour, fire resistance 1, cold-blooded, see
invisible, clumsy 1, devolution 1
a: Breathe Fire, Renounce Religion


You were on level 8 of the Dungeon.
You worshipped Sif Muna.
Sif Muna was noncommittal.
You visited 2 branches of the dungeon, and saw 9 of its levels.
You also visited: Ossuary.

You collected 406 gold pieces.
You spent 39 gold pieces at shops.

Inventory:

Hand Weapons
 r - a +2 halberd of venom
 t - a +4 morningstar (weapon)
 H - a +4 quarterstaff of chaos
 P - a +2 hand axe of venom
Missiles
 g - 5 poisoned darts
 j - 12 boomerangs
 C - 4 atropa-tipped darts
 E - 2 javelins
Armour
 d - a scarf of invisibility
 m - a scarf of resistance (worn)
 I - a +0 cloak
 N - a +0 pair of gloves (worn)
Magical Staves
 v - a staff of fire
Jewellery
 f - a ring of willpower (right hand)
 k - a +6 ring of dexterity (left hand)
Wands
 x - a wand of polymorph (11)
 K - a wand of charming (12)
Scrolls
 b - a scroll of teleportation
 n - 2 scrolls of fog
 o - 2 scrolls of poison
 y - 2 scrolls of fear {unknown}
 B - a scroll of enchant armour {unknown}
 D - a scroll of amnesia
 F - 4 scrolls of blinking {unknown}
 G - a scroll of vulnerability {unknown}
 J - a scroll of enchant weapon {unknown}
 M - a scroll of magic mapping {unknown}
Potions
 a - 3 potions of magic
 c - 2 potions of ambrosia {unknown}
 e - 5 potions of mutation
 i - a potion of heal wounds {unknown}
 p - a potion of curing
 q - a potion of resistance {unknown}
 s - a potion of brilliance {unknown}
 u - a potion of flight {unknown}
 w - 2 potions of lignification {unknown}
 z - 3 potions of might {unknown}
 A - 3 potions of invisibility {unknown}
 L - a potion of haste {unknown}
 O - 2 potions of cancellation {unknown}


   Skills:
 + Level 3.5 Fighting
 + Level 1.0(4.6) Axes
 + Level 6.8(6.9) Maces & Flails
 + Level 2.2(2.3) Polearms
 + Level 4.5 Dodging
 + Level 3.9 Stealth
 + Level 4.5 Spellcasting
 + Level 3.7 Conjurations
 + Level 5.3 Air Magic


You had 14 spell levels left.
You knew the following spells:

 Your Spells              Type           Power      Damage    Failure   Level
a - Shock                 Conj/Air       84%        1d8       1%          1
b - Static Discharge      Conj/Air       42%        2-4/arc   3%          2

Your spell library contained the following spells:

 Spells                   Type           Power      Damage    Failure   Level
 Swiftness                Air            24%        N/A       4%          3
 Airstrike                Air            12%        2d(2-18)  14%         4
 Blink                    Tloc           8%         N/A       21%         2
 Summon Lightning Spire   Summ/Air       14%        N/A       41%         4
 Leda's Liquefaction      Hex/Erth       2%         N/A       78%         4
 Manifold Assault         Tloc           4%         N/A       78%         4
 Lee's Rapid Deconstruct  Erth           2%         3d4*      98%         5
 Statue Form              Tmut/Erth      2%         N/A       100%        6
 Storm Form               Tmut/Air       7%         N/A       100%        7


Dungeon Overview and Level Annotations

Branches:
Dungeon (8/15)             Temple (1/1) D:5         Ossuary (visited)
   Lair: D:8-11

Altars:
Cheibriados
Dithmenos
Elyvilon
Gozag
Hepliaklqana
Kikubaaqudgha
Makhleb
Qazlal
Ru
Sif Muna
Trog
Uskayaw
Xom
Yredelemnul
Zin
The Shining One

Shops:
D:5 [   D:8 !


Innate Abilities, Weirdness & Mutations

You can breathe blasts of fire.
Your fiery red scales are hard. (AC +7)
You cannot fit into any form of body armour.
Your flesh is heat resistant. (rF+)
You are cold-blooded and may be slowed by cold attacks.
You have supernaturally acute eyesight. (SInv)
You are clumsy. (Dex -2)
You have hidden genetic defects.


Message History

The wight hits you with a +4 war axe of freezing!
You feel drained.
The wight hits you with a +4 war axe of freezing!
* * * LOW HITPOINT WARNING * * *
You feel drained.
* * * LOW HITPOINT WARNING * * *
The wight freezes you.
* * * LOW HITPOINT WARNING * * *
Items here: )) [[.
You feel better. The wight closely misses you.
Casting: Shock (safe; 1% risk of failure)
Confirm with . or Enter, or press ? or * to list all spells.
Aiming: Shock (safe; 1% risk of failure)
Press: ? - help, Shift-Dir - straight line, f/p - wight
Aim: a wight, wielding a +4 war axe of freezing and wearing a +0 robe (moderately damaged, 74% to hit)
The zap hits the wight.
The wight is severely damaged.
The zap misses the wight.
The wight hits you with a +4 war axe of freezing.
* * * LOW HITPOINT WARNING * * *
The wight freezes you.
* * * LOW HITPOINT WARNING * * *
You barely miss the wight.
Your tail-slap misses the wight.
The wight is severely damaged.
The wight barely misses you.
You closely miss the wight.
The wight is severely damaged.
The wight closely misses you.
You sock the wight!
The wight is heavily damaged.
You have got your breath back.
The wight barely misses you. The wight misses you.
You closely miss the wight.
The wight is heavily damaged.
The wight hits you with a +2 long sword.
* * * LOW HITPOINT WARNING * * *
You feel drained.
* * * LOW HITPOINT WARNING * * *
The wight hits you with a +4 war axe of freezing!
You die...

#.....#
#.....#
#..... ..).
..$ #.#
###z# #.z@#
###.#.#####
#.._.......
#.#.#.#####
.# #.#....#
.# #
####.#####.#
#.#......#
#.##.≈~≈[.#
..# #.~∩≈..#


You could see 2 wights.

Vanquished Creatures
  Psyche (D:8)
  Grinder (D:3)
  A steam dragon (D:7)
  Menkaure (D:5)
  An acid dragon (D:7)
  A centaur (D:5)
  2 bullfrogs
  5 scorpions
  7 water moccasin zombies (Ossuary)
  3 wights (D:8)
  2 hounds
  3 jellies
  Crazy Yiuf (D:5)
  An orc priest (D:4)
  2 iguanas
  2 sleepcaps (D:7)
  4 orc wizards
  2 mummies (Ossuary)
  7 adders
  An ufetubus (D:6)
  8 adder zombies (Ossuary)
  3 worms
  4 dart slugs (D:1)
  26 orcs
  5 ball pythons
  5 endoplasms
  4 giant cockroaches
  4 goblins
  5 hobgoblins
  4 jackals (D:1)
  2 quokkas
  6 bats
  4 frilled lizards
  3 gnoll zombies (Ossuary)
  5 hobgoblin zombies (Ossuary)
  6 kobolds
  3 kobold zombies (Ossuary)
  3 orc zombies (Ossuary)
  7 rats
155 creatures vanquished.

Notes
Turn   | Place    | Note
-------+----------+-------------------------------------------
     0 | D:1      | Sabo the Draconian Air Elementalist began the quest for the
                  | Orb.
     0 | D:1      | Reached XP level 1. HP: 14/14 MP: 3/3
   406 | D:1      | Reached XP level 2. HP: 18/20 MP: 0/5
   934 | D:1      | Reached XP level 3. HP: 27/27 MP: 4/6
  1937 | D:2      | Found a glowing silver altar of Zin.
  2365 | D:2      | Reached skill level 1 in Axes
  2926 | D:3      | Reached XP level 4. HP: 34/34 MP: 0/7
  2992 | D:3      | Learned a level 2 spell: Static Discharge
  3741 | D:3      | Found a faded altar of an unknown god.
  3809 | D:3      | Noticed Grinder
  3829 | D:3      | Killed Grinder
  3830 | D:3      | Reached skill level 1 in Fighting
  3830 | D:3      | Reached skill level 1 in Polearms
  3830 | D:3      | Reached XP level 5. HP: 16/40 MP: 2/9
  3830 | D:3      | Reached XP level 6. HP: 19/47 MP: 2/10
  4350 | D:4      | Noticed a +0 spear
  4351 | D:4      | Noticed a +0 falchion
  4352 | D:4      | Noticed a +0 spear
  4352 | D:4      | Noticed a +0 short sword
  4352 | D:4      | Noticed a +0 short sword
  4352 | D:4      | Noticed a +0 dagger
  4353 | D:4      | Noticed a +0 dagger
  4353 | D:4      | Noticed a +0 falchion
  4355 | D:4      | Found a hide-covered altar of Uskayaw.
  4666 | D:4      | Found a hazy altar of Hepliaklqana.
  5229 | D:5      | Entered Level 5 of the Dungeon
  5233 | D:5      | Noticed Menkaure
  5241 | D:5      | Reached skill level 1 in Maces & Flails
  5273 | D:5      | Your scales start taking on a fiery red colour.
  5273 | D:5      | Reached XP level 7. HP: 42/53 MP: 7/12
  5273 | D:5      | Gained mutation: Your flesh is heat resistant. (rF+) [Red
                  | Draconian growth]
  5315 | D:5      | Found a staircase to the Ecumenical Temple.
  5326 | Temple   | Entered the Ecumenical Temple
  5428 | D:5      | Reached skill level 2 in Maces & Flails
  5714 | D:5      | Found a stormy altar of Qazlal.
  5966 | D:5      | Found Detida's Antique Armour Shoppe.
  6022 | D:5      | Killed Menkaure
  6023 | D:5      | Reached skill level 3 in Maces & Flails
  6289 | D:5      | Found a white marble altar of Elyvilon.
  6680 | D:5      | Found a runed translucent door.
  6681 | D:5      | Noticed Crazy Yiuf
  6685 | D:5      | Killed Crazy Yiuf
  7212 | D:6      | Reached XP level 8. HP: 57/61 MP: 13/13
  7538 | D:6      | Gained mutation: You are frail. (-10% HP) [potion of
                  | mutation]
  7538 | D:6      | Gained mutation: You have a pair of small antennae on your
                  | head. [potion of mutation]
  7538 | D:6      | Gained mutation: You occasionally lose the ability to read
                  | scrolls when taking damage. [potion of mutation]
  7539 | D:6      | Lost mutation: You occasionally lose the ability to read
                  | scrolls when taking damage. [potion of mutation]
  7539 | D:6      | Lost mutation: You have a pair of small antennae on your
                  | head. [potion of mutation]
  7539 | D:6      | Lost mutation: You are frail. (-10% HP) [potion of
                  | mutation]
  7539 | D:6      | Gained mutation: You are frail. (-10% HP) [potion of
                  | mutation]
  7539 | D:6      | Gained mutation: Your flesh is very heat resistant. (rF++)
                  | [potion of mutation]
  7707 | D:7      | Found a glowing golden altar of the Shining One.
  7707 | D:7      | Found a shimmering altar of Xom.
  7716 | D:7      | Reached skill level 4 in Maces & Flails
  7901 | D:7      | Found a sand-covered staircase.
  7913 | Ossuary  | Entered an ossuary
  8018 | Ossuary  | Reached skill level 5 in Maces & Flails
  8334 | Ossuary  | Reached skill level 5 in Air Magic
  8550 | Ossuary  | Lost mutation: You are frail. (-10% HP) [potion of
                  | mutation]
  8550 | Ossuary  | Lost mutation: Your flesh is very heat resistant. (rF++)
                  | [potion of mutation]
  8550 | Ossuary  | Gained mutation: You have hidden genetic defects. [potion
                  | of mutation]
  8550 | Ossuary  | Gained mutation: You have supernaturally acute eyesight.
                  | (SInv) [potion of mutation]
  8922 | D:7      | Reached skill level 6 in Maces & Flails
  9311 | D:7      | Found a shimmering blue altar of Sif Muna.
  9316 | D:7      | Became a worshipper of Sif Muna the Loreminder
  9376 | D:7      | Reached XP level 9. HP: 69/70 MP: 8/15
  9393 | D:7      | Gained mutation: You are clumsy. (Dex -2) [hidden defects]
  9683 | D:8      | Noticed Psyche
  9690 | D:8      | Killed Psyche
  9734 | D:8      | Found a shadowy altar of Dithmenos.
  9740 | D:8      | Found Nemify's Distillery.
  9766 | D:8      | Bought a potion of curing for 39 gold pieces
  9775 | D:8      | Found a glowing silver altar of Zin.
  9801 | D:8      | HP: 2/60 [wight/+2 long sword (2)]
  9801 | D:8      | Mangled by a wight

Illustrated notes

Levels and vault maps discovered:
D:1:      onia_arrival_mini_maze_b, layout_basic
D:2:      layout_loops_cross, basic_altar
D:3:      layout_loops_ring, shapermc_ecumenical_altar_flowoftime, uniq_grinder
D:4:      layout_basic, nicolae_uskayaw_en_pointe,
          nicolae_overflow_hidden_temple
D:5:      layout_rooms, nicolae_qazlal_general_emergency,
          mainiacjoe_overflow_24_doors, minmay_temple_entry_glassed_door,
          serial_shops, shop, grunt_ministairs_2,
          chequers_serial_rivers_small_3, kennysheep_potato, uniq_menkaure,
          uniq_crazy_yiuf_cottage
D:6:      layout_loops_ring, moated_statue
D:7:      layout_basic, nicolae_sif_muna_little_library,
          nicolae_overflow_two_pavilions, nicolae_ossuary_entry_ruins,
          grunt_ministairs_11
D:8:      layout_loops_ring, grunt_dithmenos_smoke, lemuel_crystal_altar,
          lemuel_coloured_pillars_altar, serial_shops,
          nicolae_shop_industrial_runoff, nicolae_shop_pleasant_corner_grove,
          shop, enter_bailey_3, skrybe_limestone_x, uniq_psyche
Temple:   hellmonk_temple_two_chambers

Skill      XL: |  1  2  3  4  5  6  7  8 |
---------------+-------------------------+-----
Stealth        | 2 3 |  3.9
Dodging        | 2 3 4 |  4.5
Axes           | 1 |  1.0
Fighting       | 1 2 3 |  3.5
Polearms       | 1 2 |  2.2
Spellcasting   | 3 4 |  4.5
Conjurations   | 2 3 |  3.7
Air Magic      | 4 5 |  5.3
Maces & Flails | 1 3 6 |  6.8

Action                     |  1- 3 |  4- 6 |  7- 9 || total
---------------------------+-------+-------+-------++-------
  Melee: Dagger            |    24 |     2 |       ||    26
         Tailslap          |     3 |    16 |    23 ||    42
         Unarmed           |     1 |       |       ||     1
         Hand axe          |     9 |       |       ||     9
         Halberd           |       |    41 |       ||    41
         Morningstar       |       |    35 |   130 ||   165
         Punch             |       |       |     2 ||     2
   Cast: Shock             |    73 |    54 |    64 ||   191
         Static Discharge  |       |       |     2 ||     2
Ability: Breathe Fire      |       |       |    17 ||    17
    Use: Scroll            |     4 |     1 |     4 ||     9
         Potion            |       |       |     5 ||     5
   Stab: Sleeping          |     4 |     2 |       ||     6
 Armour: Skin              |    11 |    29 |    45 ||    85
  Dodge: Dodged            |    26 |    46 |   132 ||   204
